 Dungeon Crawl Stone Soup version 0.20.1-1-g8b1a95d66d (webtiles) character file.

48 4FPSwarrior the Insei (level 3, -1/23 HPs)
             Began as an Octopode Transmuter on Dec 22, 2017.
             Slain by a gnoll
             ... wielding a +0 spear
              (6 damage)
             ... on level 2 of the Dungeon.
             The game lasted 00:05:33 (2005 turns).

4FPSwarrior the Insei (Octopode Transmuter)         Turns: 2005, Time: 00:05:34

Health: -1/23      AC:  1    Str:  9    XL:     3   Next: 72%
Magic:  0/7        EV: 13    Int: 15    God:
Gold:   81         SH:  0    Dex: 13    Spells: 3/7 levels left

rFire    . . .     SeeInvis .     - Unarmed
rCold    . . .     Gourm    .   (no shield)
rNeg     . . .     Faith    .   (helmet restricted)
rPois    .         Spirit   .   (no amulet)
rElec    .         Reflect  .   (no ring)
rCorr    .         Harm     .   (no ring)
MR       .....                  (no ring)
Stlth    ++........             (no ring)
Regen    0.1/turn               (no ring)
MPRegen  0.1/turn               (no ring)
                                (no ring)
                                (no ring)

@: appendage, very slightly contaminated
A: almost no armour, stealthy swim, amphibious, 8 rings, constrict 8, tentacle
spike 3, camouflage 1, gelatinous body 1
a: End Transformation


You were on level 2 of the Dungeon.
You were not hungry.
One of your tentacles had a temporary spike.
You visited 1 branch of the dungeon, and saw 3 of its levels.

You collected 81 gold pieces.

Inventory:

Hand Weapons
 m - a +0 hand crossbow
Missiles
 a - 31 arrows
Jewellery
 e - a +5 ring of strength {unknown}
Scrolls
 d - 4 scrolls of identify {unknown}
 h - a scroll of noise {unknown}
 i - 2 scrolls of remove curse {unknown}
 k - a scroll of fear {unknown}
 n - a scroll of fog {unknown}
Potions
 g - 2 potions of curing {unknown}
 j - a potion of mutation {unknown}
 p - a potion of cancellation {unknown}
 q - a potion of flight {unknown}
Books
 b - a book of Changes

   Spells                             Type                      Level
   a - Beastly Appendage              Transmutation                1
   b - Sticks to Snakes               Transmutation                2
   c - Spider Form                    Transmutation/Poison         3
   d - Ice Form                       Ice/Transmutation            4
   e - Blade Hands                    Transmutation                5
Comestibles
 c - 4 bread rations
 f - 2 royal jellies
 o - a meat ration


   Skills:
 + Level 1.2 Fighting
 + Level 2.1 Dodging
 + Level 0.4 Stealth
 + Level 3.4 Unarmed Combat
 + Level 2.7 Spellcasting
 + Level 2.3 Transmutations
 + Level 0.2 Poison Magic


You had 3 spell levels left.
You knew the following spells:

 Your Spells              Type           Power        Failure   Level  Hunger
a - Beastly Appendage     Tmut           #.....       8%          1    #......
b - Spider Form           Tmut/Pois      #.........   34%         3    ###....


Dungeon Overview and Level Annotations

Branches:
Dungeon (3/15)

Altars:

Annotations:
D:2 Terence


Innate Abilities, Weirdness & Mutations

You cannot wear most types of armour.
You are very stealthy in the water. (Stealth+)
You are amphibious.
You can wear up to eight rings at the same time.
You can use your tentacles to constrict eight enemies at once.
Your skin changes colour to match your surroundings (Stealth+).
Your rubbery body absorbs attacks. (AC +1, EV +1)
One of your tentacles bears a large vicious spike.


Message History

Confirm with . or Enter, or press ? or * to list all spells.
One of your tentacles grows a vicious spike.
The gnoll hits you from afar with a spear.
The gnoll hits you with a spear.
You barely miss the gnoll. Your grab misses the gnoll.
The gnoll hits you with a spear.
You closely miss the gnoll. Your grab misses the gnoll. You squeeze the gnoll.
The gnoll is heavily wounded.
The gnoll hits you with a spear.
* * * LOW HITPOINT WARNING * * *
You tentacle-slap the gnoll. Your grab misses the gnoll.
Your tentacle spike misses the gnoll.
The gnoll is heavily wounded.
The gnoll closely misses you.
You completely miss the gnoll. You grab the gnoll.
You pierce the gnoll.
Your squeeze misses the gnoll.
The gnoll is severely wounded.
You constrict the gnoll, but do no damage.
The gnoll hits you with a spear.
You die...

♣♣.♣ #..
#..#..#.# ♣.♣ ...
#..#....####+####
♣♣.♣ #.
#..(..........
♣..♣ #
+............
♣.♣♣
#.##..>.........
♣.♣
#.#....g.#...#+##
..♣
..............>#
.♣♣
#.#####.####.###
.♣♣ #....@g.#
...# ♣.♣
#########.####
♣.♣♣ # ♣..♣ ♣♣.♣
♣♣.♣ ♣..♣ ♣.♣♣
♣.♣


You could see a gnoll.

Vanquished Creatures
  A gnoll (D:2)
  3 leopard geckos
  4 orcs (D:3)
  5 bats
  2 giant cockroaches
  A goblin (D:2)
  2 hobgoblins
  7 kobolds
  A frilled lizard (D:2)
  6 rats
32 creatures vanquished.

Notes
Turn   | Place    | Note
-------+----------+-------------------------------------------
     0 | D:1      | 4FPSwarrior the Octopode Transmuter began the quest for the Orb.
     0 | D:1      | Reached XP level 1. HP: 13/13 MP: 3/3
   457 | D:1      | Reached XP level 2. HP: 18/18 MP: 3/5
  1388 | D:2      | Noticed Terence
  1484 | D:3      | Reached XP level 3. HP: 23/23 MP: 4/6
  1632 | D:3      | Learned a level 3 spell: Spider Form
  2005 | D:2      | Slain by a gnoll

Action                   || total
-------------------------++-------
Melee: Unarmed           ||    70
       Constrict         ||    14
       Kick              ||     8
       Tentacles         ||     7
       Punch             ||     2
 Cast: Beastly Appendage ||    19
       Spider Form       ||     2
 Stab: Sleeping          ||     4
  Eat: Chunk             ||     4
Armor: Skin              ||    10
Dodge: Dodged            ||    58
